 Dungeon Crawl Stone Soup version 0.21-a0-400-g417d9d2 (webtiles) character file.

28388 Hasart the Destroyer (level 12, -5/85 HPs)
             Began as a Demigod Earth Elementalist on Oct 20, 2017.
             Slain by a hippogriff (6 damage)
             ... on level 3 of the Lair of Beasts.
             The game lasted 01:07:09 (15671 turns).

Hasart the Destroyer (Demigod Earth Elementalist)  Turns: 15671, Time: 01:07:10

Health: -5/85      AC:  9    Str: 18    XL:     12   Next: 75%
Magic:  29/29      EV: 21    Int: 29    God:
Gold:   517        SH:  0    Dex: 21    Spells: 15/28 levels left

rFire    . . .     SeeInvis .   l - +9 executioner's axe (elec)
rCold    + . .     Gourm    .   (shield currently unavailable)
rNeg     . . .     Faith    .   Q - +0 troll leather armour
rPois    +         Spirit   .   I - +0 helmet
rElec    .         Reflect  .   (no cloak)
rCorr    .         Harm     .   y - +1 pair of gloves
MR       +....                  t - +0 pair of boots
Stlth    +++.......             x - amulet of regeneration
HPRegen  1.04/turn              B - ring "Mytetuq" {rPois rC+ Str+2 Int+2}
MPRegen  0.21/turn              c - +2 ring of slaying

@: mighty, agile
A: high mp 1
a: no special abilities


You were on level 3 of the Lair of Beasts.
You were hungry.

You visited 2 branches of the dungeon, and saw 14 of its levels.
You also visited: Labyrinth and Volcano.

You collected 1034 gold pieces.
You spent 517 gold pieces at shops.

Inventory:

Hand Weapons
 e - a +0 broad axe of flaming
 l - a +9 executioner's axe of electrocution (weapon)
 A - the +1 rapier "Huetufots" {flame, rElec rF- rC+ Stlth+}
   (You found it in a labyrinth)

   It has been specially enchanted to burn those struck by it, causing extra
   injury to most foes and up to half again as much damage against particularly
   susceptible opponents.
   It makes you vulnerable to fire.
   It protects you from cold.
   It insulates you from electricity.
   It makes you more stealthy.
Missiles
 b - 124 stones (quivered)
Armour
 k - a +3 leather armour of fire resistance
 o - a +0 buckler
 t - a +0 pair of boots (worn)
 y - a +1 pair of gloves (worn)
 I - a +0 helmet (worn)
 P - a +0 shield
 Q - a +0 troll leather armour (worn)
Magical Staves
 E - an uncursed staff of conjuration
Jewellery
 c - a +2 ring of slaying (right hand)
 i - an uncursed ring of protection from cold
 j - an uncursed ring of protection from fire
 s - an uncursed ring of flight
 u - an uncursed ring of positive energy
 w - a +3 ring of protection
 x - an amulet of regeneration (around neck)
 B - the ring "Mytetuq" (left hand) {rPois rC+ Str+2 Int+2}
   (You found it in a labyrinth)

   [ring of protection from cold]

   It affects your strength (+2).
   It affects your intelligence (+2).
   It protects you from cold.
   It protects you from poison.
 O - an uncursed amulet of magic regeneration
 U - the amulet of Nuimelup {Harm *Drain rF+ MR+}
   (You found it in a labyrinth)

   [amulet of harm]

   It increases damage dealt and taken.
   It protects you from fire.
   It affects your resistance to hostile enchantments.
   It causes draining when unequipped.
 V - an uncursed ring of poison resistance
 W - an uncursed ring of protection from cold
 Z - the amulet "Kyp Qymu" {Reflect +Blink rElec SH+3}
   (You found it in a labyrinth)

   [amulet of reflection]

   It shields you and reflects attacks.
   It insulates you from electricity.
   It lets you blink.
   It affects your SH (+3).
Wands
 q - a wand of paralysis (9/24)
 z - a wand of lightning (11/15)
 J - a wand of confusion (30/48)
 M - a wand of disintegration (18/24)
 X - a wand of acid (6/15)
 Y - a wand of iceblast (9/15)
Scrolls
 a - 4 scrolls of remove curse
 g - 12 scrolls of identify
 D - a scroll of teleportation
Potions
 m - a potion of cancellation
 n - 2 potions of agility
 p - 5 potions of curing
 C - a potion of berserk rage {unknown}
 H - a potion of resistance
 K - 2 potions of haste
Miscellaneous
 F - a lamp of fire
Comestibles
 d - 8 bread rations
 f - 2 fruits
 h - 12 meat rations
 v - 13 royal jellies


   Skills:
 - Level 2.0 Fighting
 - Level 2.1 Short Blades
 + Level 6.2 Axes
 + Level 5.4 Armour
 + Level 5.8 Dodging
 - Level 1.7 Stealth
 + Level 8.9 Spellcasting
 + Level 10.1 Conjurations
 - Level 5.0 Transmutations
 + Level 10.0 Earth Magic
 - Level 2.1 Evocations


You had 15 spell levels left.
You knew the following spells:

 Your Spells              Type           Power        Failure   Level  Hunger
a - Sandblast             Erth           ######       1%          1    None
b - Stone Arrow           Conj/Erth      ######       1%          3    None
c - Petrify               Tmut/Erth      ######..     1%          4    None
d - Lee's Rapid Deconstr  Erth           ######....   1%          5    ####...


Dungeon Overview and Level Annotations

Branches:
Dungeon (11/15)            Temple (0/1) D:4            Lair (3/6) D:10
  Swamp (0/4) Lair:2        Snake (0/4) Lair:3
    Orc: D:9-12

Shops:
D:6 (   D:8 }   D:9 [   D:10 :

Annotations:
D:4 Pikel
Lair:3 Rupert; zero's ghost, journeyman GrBe


Innate Abilities, Weirdness & Mutations

You have an increased reservoir of magic. (+10% MP)


Message History

* * * LOW HITPOINT WARNING * * *
The hippogriff barely misses you. The hippogriff closely misses you.
Rupert misses you.
Unknown command.
Unknown command.
Unknown command.
You barely miss Rupert.
Rupert is lightly wounded.
You slash the yak! Lightning courses through the yak!
You kill the yak!
You slice the hippogriff!!
Lightning courses through the hippogriff!
The black mamba bites you.
* * * LOW HITPOINT WARNING * * *
Rupert barely misses you. The black mamba bites you.
* * * LOW HITPOINT WARNING * * *
The hippogriff barely misses you. The hippogriff pecks you.
* * * LOW HITPOINT WARNING * * *
The hippogriff claws you.
You die...

...## ..... #....# #..#
##...###....# #..#
#...?.......# ##.## ##
#..........(#
....####.##...........#
.....#...........##...##
..........#.....###....#
...............H##P...##
..............SS@#....##
#.....#.....<..@###....#
P....##........Y..#...##
......#.<.......Y......#
......................##
.....................##
.....................#
#...............#....##
.................S....#


You could see Rupert (berserk), a hippogriff, 2 black mambas and a yak
(wandering).

Vanquished Creatures
  A red draconian (Volcano)
  A minotaur (Lab)
  A centaur warrior (Volcano)
  4 hydras
  4 two-headed ogres
  Nergalle (Lair:2)
  A manticore (D:11)
  Maurice (D:8)
  3 black mambas
  Joseph (D:8)
  2 molten gargoyles (Volcano)
  A torpor snail (Lair:2)
  3 spiny frogs
  A gargoyle (D:11)
  2 rime drakes
  6 komodo dragons
  A yaktaur (Volcano)
  The ghost of Duskembrace the Sneak, a novice VSMo (D:5)
  4 trolls
  Prince Ribbit (D:8)
  4 hippogriffs
  A shadow (Lab)
  8 yaks
  A wyvern (D:11)
  A basilisk (D:11)
  4 hogs (D:8)
  2 fire bats (Volcano)
  A human (D:8)
  3 hungry ghosts
  3 water moccasins
  3 nagas (Lair:3)
  6 porcupines
  2 slaves (D:3)
  7 orc warriors
  3 sky beasts
  2 ogres
  An eye of draining (D:11)
  4 wolves (Lair:2)
  7 centaurs
  2 crocodiles (Lair:1)
  3 big kobolds
  12 bullfrogs
  Blork the orc (D:5)
  A water moccasin zombie (D:8)
  2 scorpions
  51 killer bees
  A vampire bat (D:2)
  2 howler monkeys
  3 crimson imps
  A bullfrog zombie (D:11)
  6 lava snakes (Volcano)
  A bullfrog skeleton (D:8)
  6 orc priests
  3 centaur skeletons
  2 jellies
  5 hounds
  3 iguanas
  9 orc wizards
  6 worker ants
  2 hound zombies
  3 hound skeletons
  A worker ant zombie (D:10)
  2 gnolls (D:4)
  3 howler monkey skeletons
  16 adders
  2 shadow imps
  2 oozes
  An adder skeleton (D:5)
  An adder zombie (D:9)
  A worm (D:4)
  5 dart slugs
  4 leopard geckos
  60 orcs
  2 ball pythons
  6 bats
  2 bat skeletons (D:2)
  4 bat zombies (D:2)
  3 giant cockroaches
  13 goblins
  6 hobgoblins
  12 jackals
  24 kobolds
  A quokka (D:9)
  4 frilled lizards
  A leopard gecko skeleton (D:4)
  A quokka zombie (D:5)
  8 rats
  A fungus (Lair:2)
414 creatures vanquished.

Vanquished Creatures (others)
  A wizard (D:4)
  A ball python (D:8)
  6 fungi
  4 plants
12 creatures vanquished.

Grand Total: 426 creatures vanquished

Notes
Turn   | Place    | Note
-------+----------+-------------------------------------------
     0 | D:1      | Hasart the Demigod Earth Elementalist began the quest for the Orb.
     0 | D:1      | Reached XP level 1. HP: 14/14 MP: 5/5
   113 | D:1      | Reached XP level 2. HP: 20/20 MP: 2/7
   833 | D:1      | Reached XP level 3. HP: 23/26 MP: 7/9
   865 | D:1      | Learned a level 3 spell: Stone Arrow
  1201 | D:2      | Found a snail-covered altar of Cheibriados.
  1341 | D:2      | Reached skill level 1 in Conjurations
  1344 | D:2      | Found an ancient bone altar of Kikubaaqudgha.
  1346 | D:2      | Reached XP level 4. HP: 28/33 MP: 8/10
  1561 | D:2      | Found a blossoming altar of Fedhas.
  1593 | D:2      | Found a sparkling altar of Nemelex Xobeh.
  1762 | D:2      | Found a deep blue altar of Sif Muna.
  2399 | D:3      | Reached XP level 5. HP: 33/38 MP: 9/12
  3035 | D:4      | Found a white marble altar of Elyvilon.
  3037 | D:4      | Noticed a slave
  3039 | D:4      | Noticed a slave
  3040 | D:4      | Noticed Pikel
  3041 | D:4      | Noticed a slave
  3343 | D:4      | Reached XP level 6. HP: 36/46 MP: 5/13
  3525 | D:4      | Found a bloodstained altar of Trog.
  3531 | D:4      | Noticed a wizard
  3533 | D:4      | Killed a wizard
  3834 | D:4      | Reached skill level 1 in Fighting
  3944 | D:4      | Reached skill level 1 in Short Blades
  3963 | D:4      | Found a bloodstained altar of Trog.
  4114 | D:4      | Found a staircase to the Ecumenical Temple.
  4148 | D:4      | Found an iron altar of Okawaru.
  4191 | D:5      | Entered Level 5 of the Dungeon
  4379 | D:5      | Noticed Duskembrace's ghost (novice VSMo)
  4505 | D:5      | Noticed Blork the orc
  4511 | D:5      | Killed Blork the orc
  4582 | D:5      | Killed Duskembrace's ghost
  4582 | D:5      | Reached XP level 7. HP: 52/52 MP: 1/16
  4771 | D:5      | Reached skill level 5 in Earth Magic
  5206 | D:6      | Reached skill level 5 in Conjurations
  5419 | D:6      | Found Masebboqe's Weapon Emporium.
  5492 | D:6      | Reached XP level 8. HP: 51/59 MP: 2/18
  5754 | D:6      | You fall through a shaft for 2 floors!
  5759 | D:8      | Noticed a two-headed ogre
  5785 | D:8      | Found Yxamn's Gadget Shoppe.
  5886 | D:8      | Reached skill level 1 in Armour
  5965 | D:8      | Noticed Maurice
  6029 | D:9      | Learned a level 4 spell: Petrify
  6035 | D:9      | Learned a level 5 spell: Lee's Rapid Deconstruction
  6037 | D:9      | Noticed a two-headed ogre
  6259 | D:7      | Found an ornate altar of the Wu Jian Council.
  6570 | D:7      | Found a shattered altar of Ashenzari.
  6633 | D:7      | Found a sacrificial altar of Ru.
  6657 | D:7      | Reached skill level 1 in Transmutations
  7065 | D:8      | Reached skill level 5 in Spellcasting
  7201 | D:8      | Killed a two-headed ogre
  7201 | D:8      | Reached XP level 9. HP: 27/67 MP: 2/20
  7431 | D:8      | Noticed Joseph
  7454 | D:8      | Killed Joseph
  7454 | D:8      | Reached skill level 1 in Evocations
  7748 | D:8      | Noticed Prince Ribbit
  7758 | D:8      | Killed Prince Ribbit
  7758 | D:8      | Reached skill level 5 in Transmutations
  7913 | D:8      | Killed Maurice
  7913 | D:8      | Reached XP level 10. HP: 49/73 MP: 18/22
  7961 | D:8      | Found a stormy altar of Qazlal.
  8272 | D:9      | Found a snail-covered altar of Cheibriados.
  8308 | D:9      | Noticed a two-headed ogre
  8638 | D:9      | Noticed a two-headed ogre
  8645 | D:9      | Killed a two-headed ogre
  8933 | D:9      | Found a burning altar of Makhleb.
  9116 | D:9      | Killed a two-headed ogre
  9226 | D:9      | Found Hajikhla's Armour Boutique.
  9321 | D:10     | Entered Level 10 of the Dungeon
  9345 | D:10     | Found Iddetuof's Book Shop.
  9626 | D:10     | Found a staircase to the Lair.
  9941 | D:6      | Bought a +4 executioner's axe of electrocution for 517 gold pieces
 10299 | D:10     | Noticed a two-headed ogre
 10310 | D:10     | Killed a two-headed ogre
 10310 | D:10     | Reached skill level 1 in Axes
 10310 | D:10     | Reached XP level 11. HP: 79/79 MP: 9/26
 10607 | D:11     | Noticed a five-headed hydra
 10952 | D:11     | Killed a five-headed hydra
 11643 | Lair:1   | Entered Level 1 of the Lair of Beasts
 11834 | Lair:1   | Found a labyrinth entrance.
 11843 | Lab      | Entered a labyrinth
 12453 | Lab      | Noticed a minotaur
 12459 | Lab      | Killed a minotaur
 12469 | Lab      | Got a transparent jade amulet
 12469 | Lab      | Got a wavering bone amulet
 12475 | Lab      | Got an encrusted rapier
 12475 | Lab      | Got a clouded tin ring
 12477 | Lab      | Identified the ring "Mytetuq" {rPois rC+ Str+2 Int+2} (You found it in a labyrinth)
 12479 | Lab      | Identified the amulet of Nuimelup {Harm *Drain rF+ MR+} (You found it in a labyrinth)
 12481 | Lab      | Identified the amulet "Kyp Qymu" {Reflect +Blink rElec SH+3} (You found it in a labyrinth)
 12484 | Lab      | Identified the +1 rapier "Huetufots" {flame, rElec rF- rC+ Stlth+} (You found it in a labyrinth)
 12884 | Lair:1   | Reached skill level 5 in Axes
 13410 | Lair:1   | Reached XP level 12. HP: 77/85 MP: 23/28
 13509 | Lair:2   | Found a dark tunnel.
 13510 | Lair:2   | Noticed an eight-headed hydra
 13616 | Lair:2   | Found a staircase to the Swamp.
 13644 | Volcano  | Entered a volcano
 13897 | Volcano  | Found a burning altar of Makhleb.
 13897 | Volcano  | Noticed a centaur warrior
 13903 | Volcano  | Killed a centaur warrior
 13921 | Volcano  | Noticed a red draconian
 13931 | Volcano  | Killed a red draconian
 13931 | Volcano  | Reached skill level 5 in Dodging
 14180 | Lair:2   | Killed an eight-headed hydra
 14295 | Lair:2   | Reached skill level 5 in Armour
 14597 | Lair:2   | Reached skill level 10 in Conjurations
 14666 | Lair:2   | Noticed Nergalle
 14677 | Lair:2   | Killed Nergalle
 15009 | Lair:3   | Noticed zero's ghost (journeyman GrBe)
 15140 | Lair:3   | Noticed a five-headed hydra
 15155 | Lair:3   | Killed a six-headed hydra
 15374 | Lair:3   | Reached skill level 10 in Earth Magic
 15382 | Lair:3   | Noticed a six-headed hydra
 15384 | Lair:3   | Killed a six-headed hydra
 15485 | Lair:3   | Found a staircase to the Snake Pit.
 15582 | Lair:3   | Noticed Rupert
 15654 | Lair:3   | Paralysed by Rupert for 4 turns
 15665 | Lair:3   | Paralysed by Rupert for 2 turns
 15671 | Lair:3   | HP: 3/85 [black mamba (5)]
 15671 | Lair:3   | HP: 1/85 [hippogriff (2)]
 15671 | Lair:3   | Slain by a hippogriff

Vault maps used:
D:1:      saegor_arrival_simple_c
D:2:      overflow_temple_1_default, lemuel_blue_sif_altar, lemuel_round_altar,
          kennysheep_vampire_church, kennysheep_slug_shrine
D:3:      guppyfry_early_lair_pool
D:4:      okawaru_altar_gauntlet_db, grunt_temple_overflow_open,
          minmay_temple_entry_statues_fountains, first_bread, trog_wizard,
          uniq_pikel
D:5:      uniq_blork_the_orc
D:6:      serial_shops, kennysheep_little_box
D:7:      kennysheep_mini_moat, old_standard_altar, basic_altar,
          dk_noncrumbling_2, st_stairs_7, minmay_misc_feat_roman
D:8:      grunt_qazlal_clouds, serial_shops, shop, grunt_livestock,
          uniq_maurice, uniq_joseph, uniq_prince_ribbit1
D:9:      bloody_makhleb, basic_altar, serial_shops, nicolae_shop_behind_doors
D:10:     david_lair_shrubbed, serial_shops, kennysheep_mini
Lair:1:   wad_woods_minihive, lab_entry_generic, serial_bayou_shore_a
Lair:2:   swamp_mist, nicolae_volcano_entry_lava_flow, uniq_nergalle
Lair:3:   minmay_snake_entry_guardpost_medium, uniq_rupert
Lab:      nicolae_lab_statue, lab_statue
Volcano:  volcano_lake

Skill      XL: |  1  2  3  4  5  6  7  8  9 10 11 12 |
---------------+-------------------------------------+-----
Earth Magic    | 3 4 5 6 7 8 9 10 | 10.0
Spellcasting   | 2 3 4 5 6 7 8 |  8.9
Conjurations   | 1 2 3 4 5 6 7 8 9 10 | 10.1
Fighting       | 1 2 |  2.0
Short Blades   | 1 2 |  2.1
Dodging        | 2 4 5 |  5.8
Armour         | 1 2 4 5 |  5.4
Transmutations | 3 5 |  5.0
Evocations     | 2 |  2.1
Axes           | 1 5 6 |  6.2
Stealth        | |  1.7

Action                   |  1- 3 |  4- 6 |  7- 9 | 10-12 || total
-------------------------+-------+-------+-------+-------++-------
Melee: Short sword       |    29 |     4 |       |       ||    33
       Dagger            |    11 |   215 |   163 |    93 ||   482
       Executioner's axe |       |       |       |   181 ||   181
 Cast: Sandblast         |    43 |    61 |    91 |   228 ||   423
       Stone Arrow       |       |     2 |    28 |    76 ||   106
       Lee's Rapid Decon |       |       |       |    42 ||    42
       Petrify           |       |       |       |    10 ||    10
Evoke: Wand              |       |       |     6 |       ||     6
       Lamp of fire      |       |       |     1 |       ||     1
  Use: Scroll            |       |     8 |     6 |    15 ||    29
       Potion            |       |       |     1 |    14 ||    15
 Stab: Sleeping          |     2 |     7 |     1 |       ||    10
       Distracted        |       |       |     1 |       ||     1
       Petrified         |       |       |       |     3 ||     3
  Eat: Chunk             |     2 |    10 |    11 |    30 ||    53
       Fruit             |       |       |     1 |     4 ||     5
Armor: Robe              |    13 |    51 |       |       ||    64
       Leather armour    |       |     9 |    67 |    12 ||    88
       Troll leather arm |       |       |       |   171 ||   171
Dodge: Dodged            |    32 |   154 |   115 |   401 ||   702

Table legend:
 A = Spawn XP
 B = Non-spawn XP
 C = Spawn XP percentage of total XP
 D = Spawn monster count
 E = Non-spawn monster count
 F = Spawn count percentage of total count
 G = Total turns spent on level
                    A         B        C        D         E        F      G
               +---------+---------+-------+---------+---------+-------+---------
         Total |       0 |   40555 |   0.0 |       0 |     411 |   0.0 | 15671
               +---------+---------+-------+---------+---------+-------+---------
           D:1 |       0 |      54 |   0.0 |       0 |      28 |   0.0 |  1171
           D:2 |       0 |     125 |   0.0 |       0 |      30 |   0.0 |   639
           D:3 |       0 |     134 |   0.0 |       0 |      29 |   0.0 |  1603
           D:4 |       0 |     223 |   0.0 |       0 |      17 |   0.0 |   778
           D:5 |       0 |     665 |   0.0 |       0 |      15 |   0.0 |   976
           D:6 |       0 |     738 |   0.0 |       0 |      15 |   0.0 |   781
           D:7 |       0 |     692 |   0.0 |       0 |      23 |   0.0 |   807
           D:8 |       0 |    4183 |   0.0 |       0 |      36 |   0.0 |  1528
           D:9 |       0 |    3938 |   0.0 |       0 |      33 |   0.0 |  1179
          D:10 |       0 |    2724 |   0.0 |       0 |      24 |   0.0 |  1020
          D:11 |       0 |    4708 |   0.0 |       0 |      47 |   0.0 |  1163
        Lair:1 |       0 |    6926 |   0.0 |       0 |      64 |   0.0 |  1224
        Lair:2 |       0 |    5331 |   0.0 |       0 |      18 |   0.0 |   914
        Lair:3 |       0 |    4078 |   0.0 |       0 |      12 |   0.0 |   656
           Lab |       0 |    1685 |   0.0 |       0 |       4 |   0.0 |   719
       Volcano |       0 |    4351 |   0.0 |       0 |      16 |   0.0 |   513
               +---------+---------+-------+---------+---------+-------+---------
